 Dungeon Crawl Stone Soup version 0.31-a0-1300-gb6740aa4e6 (webtiles) character file.

Game seed: 9467274118238687084

757 gruber the Frost Mage (level 7, -2/46 HPs)
             Began as a Demonspawn Ice Elementalist on Dec 18, 2023.
             Was an Initiate of Vehumet.
             Slain by an ogre
             ... wielding a +0 giant club
              (19 damage)
             ... on level 5 of the Dungeon.
             The game lasted 00:04:53 (4131 turns).

gruber the Frost Mage (Demonspawn Ice Elementalist) Turns: 4131, Time: 00:04:54

Health: -2/46      AC:  9    Str:  9    XL:     7   Next: 50%
Magic:  2/10       EV: 12    Int: 17    God:    Vehumet [......]
Gold:   272        SH:  0    Dex: 15    Spells: 3/10 levels left

rFire   . . .        f - +0 whip (venom)
rCold   . . .        (no shield)
rNeg    . . .        a - +0 robe
rPois   .            (helmet restricted)
rElec   .            (no cloak)
rCorr   .            (no gloves)
SInv    .            (no boots)
Will    .....        (no amulet)
Stlth   +++          (no ring)
HPRegen 0.27/turn    (no ring)
MPRegen 0.24/turn

%: no passive effects
@: ice-armoured, freezing walls
A: antennae 2, thin skeletal structure 1, foul stench 1, magic regeneration
a: Renounce Religion


You were on level 5 of the Dungeon.
You worshipped Vehumet.
Vehumet was noncommittal.
You visited 1 branch of the dungeon, and saw 5 of its levels.

You collected 272 gold pieces.

Inventory:

Hand Weapons
 f - a +0 whip of venom (weapon)
 l - a +1 whip of flaming
Armour
 a - a +0 robe (worn)
Magical Staves
 p - the staff of Cruel Justice {+Blink rF+ Int-2 Summ Fire}
   (You found it on level 4 of the Dungeon)

   [staff of fire]

   Base accuracy: +5 Base damage: 5 Base attack delay: 1.2 This weapon's minimum
   attack delay (0.6) is reached at skill level 12.
   Int-2:     It affects your intelligence (-2).
   rF+:       It protects you from fire.
   +Blink:    It lets you blink.
   Summ:      It increases the power of your Summonings spells.
   Fire:      It increases the power of your Fire spells.
   It falls into the 'Staves' category.
   It is a one-handed weapon.
Jewellery
 g - a ring of protection from fire
Scrolls
 c - 3 scrolls of identify {unknown}
 d - a scroll of poison {unknown}
 i - 2 scrolls of teleportation {unknown}
 j - a scroll of fear {unknown}
 m - a scroll of vulnerability {unknown}
 o - 2 scrolls of enchant armour {unknown}
 r - a scroll of butterflies {unknown}
Potions
 b - a potion of magic
 e - a potion of lignification {unknown}
 h - 2 potions of attraction {unknown}
 k - a potion of brilliance {unknown}
 n - a potion of invisibility {unknown}
 q - a potion of enlightenment {unknown}


   Skills:
 - Level 1.7 Dodging
 - Level 1.7 Stealth
 - Level 2.0 Spellcasting
 + Level 8.5 Ice Magic


You had 3 spell levels left.
You knew the following spells:

 Your Spells              Type           Power      Damage    Failure   Level
a - Freeze                Ice            100%       1d10      1%          1
b - Frozen Ramparts       Ice            60%        1d10      1%          3
c - Ozocubu's Armour      Ice            30%        N/A       1%          3

Your spell library contained the following spells:

 Spells                   Type           Power      Damage    Failure   Level
 Poisonous Vapours        Pois/Air       2%         N/A       28%         2
 Mephitic Cloud           Conj/Pois/Air  1%         N/A       50%         3
 Summon Ice Beast         Ice/Summ       16%        N/A       32%         4
 Freezing Cloud           Conj/Ice/Air   5%         6-21      86%         5
 Haunt                    Necr/Summ      0%         N/A       100%        7
 Borgnjor's Revivificati  Necr           0%         N/A       100%        8
 Death's Door             Necr           0%         N/A       100%        9


Dungeon Overview and Level Annotations

Branches:
Dungeon (5/15)
 Temple: D:4-7

Altars:
Fedhas
Vehumet
Yredelemnul

Annotations:
D:3 2 transporters, Tenar's ghost, weakling DsEE


Innate Abilities, Weirdness & Mutations

You have a pair of antennae on your head.
You have a somewhat thin skeletal structure. (Dex +2, Stealth+)
You may rarely emit foul miasma when damaged in melee.
You regenerate magic rapidly.


Message History

Press: ? - help, Dir - look around, f - activate The walls around you are covered in ice.
Unknown command.
Casting: Frozen Ramparts (safe; 1% risk of failure)
Confirm with . or Enter, or press ? or * to list all spells.
You don't know that spell.
Casting: Frozen Ramparts (safe; 1% risk of failure)
Confirm with . or Enter, or press ? or * to list all spells.
A film of ice covers your body!
Unknown command.
Unknown command.
You freeze the ogre!
The ogre is moderately wounded.
The wall freezes the ogre.
The ogre hits you with a +0 giant club!!
Ouch! That really hurt!
You are too injured to fight recklessly!
You are too injured to fight recklessly!
Unknown command.
You are too injured to fight recklessly!
Unknown command.
Casting: Freeze (safe; 1% risk of failure)
Confirm with . or Enter, or press ? or * to list all spells.
Aiming: Freeze (safe; 1% risk of failure)
Press: ? - help, Shift-Dir - straight line, f/p - ogre
Aim: an ogre, wielding a +0 giant club (heavily wounded)
You freeze the ogre.
The ogre is heavily wounded.
Unknown command.
Unknown command.
Casting: Freeze (safe; 1% risk of failure)
Confirm with . or Enter, or press ? or * to list all spells.
Aiming: Freeze (safe; 1% risk of failure)
Press: ? - help, Shift-Dir - straight line, f/p - ogre
Aim: an ogre, wielding a +0 giant club (heavily wounded)
You freeze the ogre.
The ogre is severely wounded.
The wall freezes the ogre.
The ogre hits you with a +0 giant club!!
You die...

... .... #..# ##...
##..###
##.<...#####
##.O........##
##.@..........#
#..#..........#
#..#...........#
....##..........#
###
.....###..........#
#.. >.##.
#...........# ##..
. # #..........##
##...
#..........####....
#.........###......


You could see an ogre.

Vanquished Creatures
  2 black bears
  An ogre (D:4)
  A centaur (D:5)
  A scorpion (D:4)
  3 hounds
  2 orc priests (D:3)
  An iguana (D:4)
  An orc wizard (D:4)
  3 gnolls (D:3)
  5 adders
  4 dart slugs
  12 orcs
  4 ball pythons
  3 endoplasms
  4 giant cockroaches
  4 goblins
  7 hobgoblins
  3 quokkas
  A bat (D:3)
  4 frilled lizards
  3 kobolds
  4 rats
73 creatures vanquished.

Notes
Turn   | Place    | Note
-------+----------+-------------------------------------------
     0 | D:1      | gruber the Demonspawn Ice Elementalist began the quest for
                  | the Orb.
     0 | D:1      | Reached XP level 1. HP: 13/13 MP: 3/3
   197 | D:1      | Reached skill level 4 in Ice Magic
   233 | D:1      | Gained mutation: You have a pair of small antennae on your
                  | head. [demonic ancestry]
   233 | D:1      | Reached XP level 2. HP: 19/19 MP: 0/5
  1190 | D:2      | Found a blossoming altar of Fedhas.
  1314 | D:2      | Gained mutation: You have a somewhat thin skeletal
                  | structure. (Dex +2, Stealth+) [demonic ancestry]
  1314 | D:2      | Reached XP level 3. HP: 24/24 MP: 4/6
  1848 | D:3      | Reached skill level 5 in Ice Magic
  2096 | D:3      | Found a basalt altar of Yredelemnul.
  2132 | D:3      | Gained mutation: You have a pair of antennae on your head.
                  | [demonic ancestry]
  2132 | D:3      | Reached XP level 4. HP: 19/30 MP: 3/7
  2136 | D:3      | Learned a level 3 spell: Frozen Ramparts
  2140 | D:3      | Learned a level 3 spell: Ozocubu's Armour
  2375 | D:3      | Found a transporter.
  2377 | D:3      | Noticed Tenar's ghost (weakling DsEE)
  2378 | D:3      | Noticed a phantom
  2466 | D:3      | Found a transporter.
  2894 | D:3      | Reached skill level 6 in Ice Magic
  2894 | D:3      | Gained mutation: You regenerate magic rapidly. [demonic
                  | ancestry]
  2894 | D:3      | Reached XP level 5. HP: 34/35 MP: 2/8
  3323 | D:4      | Noticed a black bear
  3323 | D:4      | Noticed an ogre
  3336 | D:4      | Killed a black bear
  3337 | D:4      | Reached skill level 7 in Ice Magic
  3337 | D:4      | Reached XP level 6. HP: 25/41 MP: 0/9
  3651 | D:4      | Identified the staff of Cruel Justice {+Blink rF+ Int-2
                  | Summ Fire}
  3907 | D:5      | Entered Level 5 of the Dungeon
  3930 | D:5      | Found a radiant altar of Vehumet.
  3937 | D:5      | Gained mutation: You may rarely emit foul miasma when
                  | damaged in melee. [demonic ancestry]
  3937 | D:5      | Reached XP level 7. HP: 45/46 MP: 7/10
  3940 | D:5      | Became a worshipper of Vehumet
  3963 | D:5      | Reached skill level 8 in Ice Magic
  4131 | D:5      | Slain by an ogre

Illustrated notes

Levels and vault maps discovered:
D:1:      spicycebolla_arrival_clurvy, layout_loops_corners
D:2:      layout_rooms, basic_altar
D:3:      layout_basic, lemuel_tele_altar, gammafunk_ghost_mausoleum,
          serial_rivers, chequers_serial_rivers_micro_a,
          chequers_serial_rivers_micro_e, chequers_serial_rivers_micro_a,
          chequers_serial_rivers_large_a
D:4:      layout_gridville
D:5:      layout_cave_pods, nemelex_xobeh_ov_fountains_minmay,
          mainiacjoe_overflow_tiny_flanked

Skill      XL: |  1  2  3  4  5  6  7 |
---------------+----------------------+-----
Ice Magic      | 4 5 6 7 8 |  8.5
Dodging        | |  1.7
Stealth        | |  1.7
Spellcasting   | |  2.0

Action                     |  1- 3 |  4- 6 |  7- 9 || total
---------------------------+-------+-------+-------++-------
  Melee: Unarmed           |     8 |       |       ||     8
         Punch             |     1 |     2 |     1 ||     4
         Whip              |     6 |    72 |     9 ||    87
   Cast: Freeze            |    56 |     6 |     5 ||    67
         Frozen Ramparts   |       |    14 |     4 ||    18
         Ozocubu's Armour  |       |     4 |     2 ||     6
   Stab: Sleeping          |     1 |     2 |       ||     3
 Armour: Robe              |    24 |    38 |    15 ||    77
  Dodge: Dodged            |    31 |    56 |    10 ||    97

Table legend: (Time is in decaauts)
 A = Elapsed time spent in this place.
 B = Non-inter-level travel time spent in this place.
 C = Inter-level travel time spent in this place.
 D = Time resting spent in this place.
 E = Time spent auto-exploring this place.
 F = Levels seen in this place.
 G = Mean time per level.
                   A        B        C        D        E       F      G
               +--------+--------+--------+--------+--------+-----+--------+
         Total |   4155 |   4008 |    147 |    108 |   3318 |   5 |  831.0 |
       Dungeon |   4155 |   4008 |    147 |    108 |   3318 |   5 |  831.0 |
               +--------+--------+--------+--------+--------+-----+--------+

Top non-repeatable levels by time:
     D:3: 1455 daAuts
     D:1: 1047 daAuts
     D:4: 805 daAuts
     D:2: 621 daAuts
     D:5: 225 daAuts
